 Dungeon Crawl Stone Soup version 0.19.0-2-gae57169 (webtiles) character file.

82 syranez the Chopper (level 4, -4/40 HPs)
             Began as a Hill Orc Berserker on Nov 4, 2016.
             Was a Believer of Trog.
             Slain by a hobgoblin
             ... wielding a +0 club
             ... led by Robin
              (5 damage)
             ... on level 2 of the Dungeon.
             The game lasted 00:03:07 (1268 turns).

syranez the Chopper (Hill Orc Berserker)            Turns: 1268, Time: 00:03:09

Health: -4/40      AC:  2    Str: 17 (20) XL:     4   Next: 43%
Magic:  4/4        EV: 12    Int:  4 (7)  God:    Trog [**....]
Gold:   103        SH:  0    Dex:  8 (10) Spells: 0 memorised, 3 levels left

rFire  . . .     SeeInvis .     a - +0 hand axe
rCold  . . .     Gourm    .     b - +0 animal skin
rNeg   . . .     Faith    .     (no shield)
rPois  .         Spirit   .     (no helmet)
rElec  .         Reflect  .     (no cloak)
rCorr  .         Harm     .     (no gloves)
MR     .....                    (no boots)
Stlth  +.........               (no amulet)
                                (no ring)
                                (no ring)

@: exhausted, flying, slowed, very slow
A: no striking features
a: Berserk, Trog's Hand, Burn Spellbooks, Renounce Religion


You were on level 2 of the Dungeon.
You worshipped Trog.
Trog was pleased with you.
You were hungry.

You visited 1 branch of the dungeon, and saw 2 of its levels.

You collected 103 gold pieces.

Inventory:

Hand Weapons
 a - a +0 hand axe (weapon)
Missiles
 f - 43 stones
 t - 2 tomahawks (quivered)
Armour
 b - a +0 animal skin (worn)
 k - a +0 plate armour
 r - a +0 scale mail
Scrolls
 g - 2 scrolls of remove curse {unknown}
 h - a scroll of identify {unknown}
 j - a scroll of enchant armour {unknown}
 p - a scroll of fog {unknown}
Comestibles
 c - 2 bread rations
 m - a beef jerky
 n - 2 chunks of flesh


   Skills:
 + Level 4.2 Fighting
 + Level 5.2 Axes
 + Level 1.4 Throwing
 + Level 2.5 Armour
 + Level 1.8 Dodging
 + Level 0.3 Stealth


You had 3 spell levels left.
You didn't know any spells.

Dungeon Overview and Level Annotations

Branches:
Dungeon (2/15)

Altars:


Message History

The goblin closely misses you.
You barely miss the goblin.
The goblin is moderately wounded.
You hit the goblin but do no damage. You hit the hobgoblin but do no damage.
The goblin hits you but does no damage. The goblin closely misses you.
The hobgoblin barely misses you. The goblin hits you but does no damage.
As you read the scroll labeled CIPNIMOE URITH, it crumbles to dust.
You feel aware of your surroundings.
It was a scroll of magic mapping.
The goblin completely misses you. The hobgoblin barely misses you.
The goblin hits you with a dagger.
* * * LOW HITPOINT WARNING * * *
As you read the scroll labeled XAWEQEASIG, it crumbles to dust.
It is a scroll of recharging.
You aren't carrying any rechargeable items.
The goblin no longer looks unusually strong.
The hobgoblin completely misses you. The goblin hits you but does no damage.
The goblin hits you with a dagger.
* * * LOW HITPOINT WARNING * * *
The hobgoblin hits you with a club.
You die...

#,* *..#*,#.....#,,*#.....#.#...
#,****,,**,#.#.###,,,....#.#.#...
,,,,,,,,**,#.#.# *,,*****#,#.#...
,,*****,**,#.#.# *,,* *,*,*,,,
,,,,,,,,,,,#.#.# *,,* *,*,*,,,
,,,,,,,,,,,..#.# *,,# *,*,*,,,
,,,****,######.##*,.# *,*,***,
,,,,,,,........g##..####**,,,,,,,
,,,*,**.#######g@gg.....,,,,,,,,,
,,,*,**,* ####..#.##**,,*****
,,,*,**,* *,.#,* *,,* ,,,*,**,*
*,,#,* **,* ,,,*,**,* *,,*,* *,*
,,,*,**,* *,,*,* *,* ,,,*,**,*
*,,*,* *,*
,,,*,**,**********,,*,* *,*
,,,*,*,,,,,,,,,,,,,,,,* *,*


You could see 2 hobgoblins and 2 goblins.

Vanquished Creatures
  Terence (D:2)
  Robin (D:2)
  2 adders (D:2)
  5 bats (D:1)
  A giant cockroach (D:2)
  9 goblins
  4 hobgoblins
  A quokka (D:2)
  A frilled lizard (D:1)
  3 kobolds
  3 rats (D:1)
31 creatures vanquished.

Notes
Turn   | Place    | Note
-------+----------+-------------------------------------------
     0 | D:1      | syranez the Hill Orc Berserker began the quest for the Orb.
     0 | D:1      | Reached XP level 1. HP: 19/19 MP: 1/1
   387 | D:1      | Reached XP level 2. HP: 27/27 MP: 2/2
   996 | D:2      | Reached XP level 3. HP: 29/33 MP: 3/3
  1178 | D:2      | Noticed Terence
  1185 | D:2      | Killed Terence
  1185 | D:2      | Reached skill level 5 in Axes
  1185 | D:2      | Reached skill level 1 in Throwing
  1185 | D:2      | Reached XP level 4. HP: 40/40 MP: 4/4
  1244 | D:2      | Noticed Robin
  1250 | D:2      | Reached ** piety under Trog
  1258 | D:2      | Killed Robin
  1268 | D:2      | HP: 1/40 [goblin/dagger[Robin] (2)]
  1268 | D:2      | Slain by a hobgoblin

Skill      XL: |  1  2  3 |
---------------+----------+-----
Fighting       | 4 |  4.2
Axes           | 5 |  5.2
Throwing       | 1 |  1.4
Armour         | |  2.5
Dodging        | |  1.8
Stealth        | |  0.3

Action                   |  1- 3 |  4- 6 || total
-------------------------+-------+-------++-------
Melee: Hand axe          |    46 |    17 ||    63
Throw: Stone             |    16 |       ||    16
       Tomahawk          |    20 |       ||    20
Invok: Berserk           |     1 |     1 ||     2
  Use: Potion            |       |     5 ||     5
       Scroll            |       |     2 ||     2
  Eat: Chunk             |     1 |     1 ||     2
Armor: Animal skin       |    16 |     5 ||    21
Dodge: Dodged            |    34 |    32 ||    66
